 Dungeon Crawl Stone Soup version 0.29-a0-1027-gcd8c55af63 (webtiles) character file.

Game seed: 8274912337030097275

7 Manisian the Sneak (level 1, -2/9 HPs)
             Began as a Spriggan Enchanter on Aug 14, 2022.
             Slain by a quokka (3 damage)
             ... on level 1 of the Dungeon.
             The game lasted 00:01:11 (394 turns).

Manisian the Sneak (Spriggan Enchanter)              Turns: 394, Time: 00:01:12

Health: -2/9       AC:  2    Str:  4    XL:     1   Next: 83%
Magic:  5/5        EV: 17    Int: 16    God:
Gold:   57         SH:  0    Dex: 15    Spells: 5/5 levels left

rFire   . . .      SeeInvis +   a - +1 dagger
rCold   . . .      Faith    .   (no shield)
rNeg    . . .      Spirit   .   b - +0 robe
rPois   .          Reflect  .   (helmet restricted)
rElec   .          Harm     .   (no cloak)
rCorr   .          Rampage  .   (gloves unavailable)
Will    .....                   (boots unavailable)
Stlth   +++.......              (no amulet)
HPRegen 0.03/turn               (no ring)
MPRegen 0.09/turn               (no ring)

@: invisible, very quick
A: very small, no large weapons, unfitting armour, see invisible, speed 3
a: no special abilities


You were on level 1 of the Dungeon.
You visited 1 branch of the dungeon, and saw 2 of its levels.

You collected 57 gold pieces.

Inventory:

Hand Weapons
 a - a +1 dagger (weapon)
Armour
 b - a +0 robe (worn)
Scrolls
 e - a scroll of torment {unknown}
Potions
 c - a potion of invisibility
 d - a potion of might {unknown}
 f - a potion of haste {unknown}


   Skills:
 + Level 1.1 Short Blades
 + Level 2.7 Dodging
 + Level 4.6 Stealth
 + Level 2.8 Spellcasting
 + Level 3.9 Hexes


You had 5 spell levels left.
You didn't know any spells.
Your spell library contained the following spells:

 Spells                   Type           Power      Damage    Failure   Level
 Confusing Touch          Hex            15%        N/A       11%         3
 Tukima's Dance           Hex            15%        N/A       11%         3
 Ensorcelled Hibernation  Hex/Ice        16%        N/A       13%         2
 Dazzling Flash           Conj/Hex       16%        N/A       26%         3


Dungeon Overview and Level Annotations

Branches:
Dungeon (2/15)

Altars:


Innate Abilities, Weirdness & Mutations

You are very small and have problems with some larger weapons.
You are too small for most types of armour.
You have supernaturally acute eyesight. (SInv)
You cover ground extremely quickly. (Speed+++)


Message History

You hit the goblin.
The goblin is severely wounded.
The goblin misses you.
You hit the goblin.
You kill the goblin!
You closely miss the quokka.
The quokka twitches its whiskers.
The quokka misses you.
You barely miss the quokka. The quokka barely misses you.
You miss the quokka. The quokka bites you.
You hit the quokka but do no damage. The quokka bites you.
You miss the quokka. The quokka bites you.
* * * LOW HITPOINT WARNING * * *
There is a stone staircase leading down here.
You climb downwards.
There is a stone staircase leading up here.
You start resting.
An endoplasm comes into view.
You start resting.
An endoplasm is nearby!
An endoplasm is nearby!
You start resting.
A worm comes into view.
A worm is nearby!
You climb upwards.
The quokka bites you.
Ouch! That really hurt!
* * * LOW HITPOINT WARNING * * *
The ball python completely misses you. The ball python closely misses you.
The quokka barely misses you. The ball python closely misses you. x2
There is a stone staircase leading down here.
You fade into invisibility!
The quokka misses you. The ball python barely misses you.
You hit the quokka but do no damage. The quokka barely misses you.
The ball python closely misses you.
You hit the quokka but do no damage. The quokka barely misses you.
The ball python closely misses you. The quokka completely misses you.
The ball python closely misses you.
You completely miss the quokka. The ball python closely misses you.
The quokka bites you.
You die...

####..#[.........################
)...............................†
#####..####.....#.........##[.###
##.# #...............#......
#..###...).##........##...⌠.
##..#................###....
#............÷.....# ##..⌠
###...).r.S........# ##..
#......@.........# #..
##########.......######.
#######........ ##.#####. ### ##
##. #.. ... #..


You could see a quokka (unable to see you) and a ball python (unable to see
you).

Vanquished Creatures
  A ball python (D:1)
  A giant cockroach (D:1)
  2 goblins (D:1)
  A bat (D:1)
  A rat (D:1)
6 creatures vanquished.

Notes
Turn   | Place    | Note
-------+----------+-------------------------------------------
     0 | D:1      | Manisian the Spriggan Enchanter began the quest for the
                  | Orb.
     0 | D:1      | Reached XP level 1. HP: 9/9 MP: 5/5
   394 | D:1      | Slain by a quokka

Illustrated notes

Levels and vault maps discovered:
D:1:      eino_arrival_cavern_a, layout_rooms
D:2:      layout_basic, serial_shops, shop_statue

Action                   || total
-------------------------++-------
Melee: Dagger            ||    37
  Use: Potion            ||     1
 Stab: Sleeping          ||     1
Armor: Robe              ||     4
Dodge: Dodged            ||    40

Table legend: (Time is in decaauts)
 A = Elapsed time spent in this place.
 B = Non-inter-level travel time spent in this place.
 C = Inter-level travel time spent in this place.
 D = Time resting spent in this place.
 E = Time spent auto-exploring this place.
 F = Levels seen in this place.
 G = Mean time per level.
                   A        B        C        D        E       F      G
               +--------+--------+--------+--------+--------+-----+--------+
         Total |    335 |    335 |      0 |    182 |      0 |   2 |  167.5 |
       Dungeon |    335 |    335 |      0 |    182 |      0 |   2 |  167.5 |
               +--------+--------+--------+--------+--------+-----+--------+

Top non-repeatable levels by time:
     D:1: 196 daAuts
     D:2: 138 daAuts
